 Dungeon Crawl Stone Soup version 0.31-a0-609-g7bf6ffcfed (webtiles) character file.

Game seed: 11925563988225936399

118 javelincjr the Conjurer (level 5, -2/31 HPs)
             Began as an Octopode Conjurer on Aug 21, 2023.
             Was a Follower of Dithmenos.
             Slain by an ice beast (16 damage)
             ... on level 3 of the Dungeon.
             The game lasted 00:09:21 (2115 turns).

javelincjr the Conjurer (Octopode Conjurer)         Turns: 2115, Time: 00:09:22

Health: -2/31      AC:  1    Str:  6    XL:     5   Next: 2%
Magic:  2/9        EV: 13    Int: 23    God:    Dithmenos [*.....]
Gold:   144        SH:  0    Dex: 10    Spells: 6/9 levels left

rFire   + . .        c - +0 dagger (venom)
rCold   x . .        (no shield)
rNeg    . . .        (helmet restricted)
rPois   .            (no amulet)
rElec   .            b - ring of fire
rCorr   .            (no ring)
SInv    .            (no ring)
Will    .....        (no ring)
Stlth   +++++        (no ring)
HPRegen 0.25/turn    (no ring)
MPRegen 0.11/turn    (no ring)
                     (no ring)

%: no passive effects
@: wreathed by umbra
A: almost no armour, amphibious, 8 rings, camouflage 1, gelatinous body 1,
nimble swimmer 1, tentacles
a: Renounce Religion


You were on level 3 of the Dungeon.
You worshipped Dithmenos.
Dithmenos was aware of your devotion.
You visited 1 branch of the dungeon, and saw 3 of its levels.

You collected 144 gold pieces.

Inventory:

Hand Weapons
 c - a +0 dagger of venom (weapon)
Missiles
 j - 5 darts of dispersal
Magical Staves
 h - a staff of air
 m - a staff of death
Jewellery
 b - a ring of fire (left tentacle)
 o - a ring of see invisible
Scrolls
 d - 8 scrolls of identify {unknown}
 e - 3 scrolls of teleportation {unknown}
 k - a scroll of immolation {unknown}
Potions
 a - a potion of magic
 f - a potion of enlightenment {unknown}
 g - a potion of brilliance {unknown}
 i - a potion of heal wounds {unknown}
 l - a potion of resistance {unknown}
 n - a potion of might {unknown}


   Skills:
 + Level 0.0 Fighting
 + Level 0.0 Short Blades
 + Level 3.0 Dodging
 + Level 4.2 Stealth
 + Level 2.8 Spellcasting
 + Level 4.6 Conjurations


You had 6 spell levels left.
You knew the following spells:

 Your Spells              Type           Power      Damage    Failure   Level
a - Magic Dart            Conj           96%        1d7       1%          1
b - Searing Ray           Conj           48%        2d6       2%          2

Your spell library contained the following spells:

 Spells                   Type           Power      Damage    Failure   Level
 Dazzling Flash           Conj/Hex       26%        N/A       14%         3
 Fulminant Prism          Conj/Hex       6%         3d7       41%         4
 Iskenderun's Mystic Bla  Conj/Tloc      13%        2d5       41%         4


Dungeon Overview and Level Annotations

Branches:
Dungeon (3/15)

Altars:
Dithmenos

Shops:
D:1 [


Innate Abilities, Weirdness & Mutations

You cannot wear most types of armour.
You are amphibious.
You can wear up to eight rings at the same time.
Your skin changes colour to match your surroundings (Stealth+).
Your rubbery body absorbs attacks. (AC +1, EV +1)
You are camouflaged when in or above water. (Stealth+)
You have tentacles for arms and can constrict up to eight enemies at once.


Message History

You now have 144 gold pieces (gained 3).
d - 8 scrolls labelled ROCUNGAS LINO (gained 1)
You enter the shallow water.
You enter the shallow water.
An ice beast comes into view.
An endoplasm comes into view.
The endoplasm moves out of view.
Found 9 gold pieces.
Found a stone staircase leading down.
The magic dart hits the ice beast but does no damage.
The magic dart hits the ice beast.
The ice beast is lightly wounded.
The magic dart hits the ice beast.
The ice beast is moderately wounded.
You enter the shallow water.
Casting: Magic Dart (safe; 1% risk of failure)
Confirm with . or Enter, or press ? or * to list all spells.
Aiming: Searing Ray (safe; 2% risk of failure)
Press: ? - help, Shift-Dir - straight line, f/p - ice beast
Aim: an ice beast (moderately wounded, 79% to hit)
The searing ray hits the ice beast!
The ice beast is heavily wounded. (Press . to maintain the ray.)
The searing ray hits the ice beast.
The ice beast is almost dead.
The searing ray hits the ice beast.
The ice beast is almost dead.
The searing ray misses the ice beast.
You finish channelling your searing ray.
The ice beast closely misses you.
You barely miss the ice beast.
The ice beast is almost dead.
The ice beast misses you.
You hit the ice beast. Your squeeze misses the ice beast.
The ice beast is almost dead.
The ice beast hits you. The ice beast freezes you!
You feel a terrible chill!
You completely miss the ice beast.
The ice beast is almost dead.
The ice beast hits you. The ice beast freezes you!
You feel a terrible chill!
Ouch! That really hurt!
You die...

#.P.~~~♣♣♣~~~PPP #
#.#PPPPP~♣≈≈~PPP #.
##...###~~P~≈≈♣ ..##
#.........PP♣♣≈~~PP ....#
#.........PPP♣♣♣~~~.
.....###..........P♣~♣≈~P..
#..............~~PP♣~~~PP.
##..........PPP.~~♣~~PPP~.
##........P.P~~@♣PP.P.#
####.....P~~♣~PY~P...####
#....~~PPP.~~.........
######....P~P~P........###
....#...##P~.P##.......#
....#...##..####.......#
.........................>
#####...#########...........
... ....# .............


You could see an ice beast.

Vanquished Creatures
  2 adders (D:2)
  4 gnolls (D:2)
  A worm (D:2)
  3 dart slugs
  4 endoplasms
  8 hobgoblins
  5 quokkas
  4 ball pythons
  7 bats
  A frilled lizard (D:2)
  2 goblins
  7 kobolds
  4 rats
52 creatures vanquished.

Notes
Turn   | Place    | Note
-------+----------+-------------------------------------------
     0 | D:1      | javelincjr the Octopode Conjurer began the quest for the
                  | Orb.
     0 | D:1      | Reached XP level 1. HP: 11/11 MP: 3/3
   206 | D:1      | Reached XP level 2. HP: 17/17 MP: 1/5
   288 | D:1      | Found Horaleti's Armour Boutique.
   595 | D:1      | Learned a level 2 spell: Searing Ray
   736 | D:1      | Reached XP level 3. HP: 21/21 MP: 6/6
  1419 | D:2      | Reached XP level 4. HP: 25/27 MP: 4/7
  1912 | D:2      | Found a faded altar of an unknown god.
  1921 | D:2      | Reached XP level 5. HP: 31/31 MP: 3/9
  1940 | D:2      | Prayed at the altar of an unknown god.
  1940 | D:2      | Became a worshipper of Dithmenos the Shadowed
  1940 | D:2      | Reached * piety under Dithmenos
  2099 | D:3      | Noticed an ice beast
  2115 | D:3      | Slain by an ice beast

Illustrated notes

Levels and vault maps discovered:
D:1:      lightli_arrival_chessboard, layout_loops_ring, serial_shops, shop,
          minmay_strange_pillars
D:2:      layout_basic, hellmonk_ecumenical_altar_prayer_group, minmay_unequal
D:3:      layout_basic, nicolae_tso_carved_into_rock,
          nicolae_overflow_macrodata_refinement, serial_bayou_lagoon_a

Skill      XL: |  1  2  3  4  5 |
---------------+----------------+-----
Stealth        | 3 4 |  4.2
Dodging        | 3 |  3.0
Spellcasting   | |  2.8
Conjurations   | |  4.6

Action                     |  1- 3 |  4- 6 || total
---------------------------+-------+-------++-------
  Melee: Unarmed           |     4 |       ||     4
         Constrict         |     9 |     2 ||    11
         Dagger            |    21 |    13 ||    34
         Tentacles         |     8 |     1 ||     9
         Punch             |     1 |     1 ||     2
  Throw: Dart              |     1 |       ||     1
   Cast: Magic Dart        |    55 |    11 ||    66
         Searing Ray       |     1 |     4 ||     5
   Stab: Sleeping          |       |     5 ||     5
 Armour: Skin              |     4 |       ||     4
  Dodge: Dodged            |    20 |     9 ||    29

Table legend: (Time is in decaauts)
 A = Elapsed time spent in this place.
 B = Non-inter-level travel time spent in this place.
 C = Inter-level travel time spent in this place.
 D = Time resting spent in this place.
 E = Time spent auto-exploring this place.
 F = Levels seen in this place.
 G = Mean time per level.
                   A        B        C        D        E       F      G
               +--------+--------+--------+--------+--------+-----+--------+
         Total |   2113 |   2055 |     58 |    106 |   1545 |   3 |  704.3 |
       Dungeon |   2113 |   2055 |     58 |    106 |   1545 |   3 |  704.3 |
               +--------+--------+--------+--------+--------+-----+--------+

Top non-repeatable levels by time:
     D:2: 1103 daAuts
     D:1: 888 daAuts
     D:3: 121 daAuts
